 Dungeon Crawl Stone Soup version 0.25.0-9-g26727b657a (webtiles) character file.

Game seed: 6034367550051973988

1191 mortelune the Skirmisher (level 8, -1/70 (71) HPs)
             Began as a Ghoul Gladiator on June 21, 2020.
             Was an Initiate of Ashenzari.
             Slain by an orc warrior
             ... wielding a +0 battleaxe
              (25 damage)
             ... on level 7 of the Dungeon.
             The game lasted 00:13:57 (8027 turns).

mortelune the Skirmisher (Ghoul Gladiator)          Turns: 8027, Time: 00:13:57

HP:   -1/70 (71)    AC: 13    Str: 14 (19) XL:     8   Next: 43%
MP:   7/7           EV:  4    Int:  3 (4)  God:    Ashenzari [......]
Gold: 454           SH:  2    Dex:  9 (10) Spells: 7/7 levels left

rFire    . . .     SeeInvis .   a - +0 trident
rCold    + + .     Gourm    .   k - +0 buckler (curse)
rNeg     + + +     Faith    .   n - +2 plate armour {rC+} (curse)
rPois    ∞         Spirit   .   c - +0 helmet (curse)
rElec    .         Reflect  .   (no cloak)
rCorr    .         Harm     .   (no gloves)
MR       .....                  (no boots)
Stlth    ..........             (no amulet)
HPRegen  0.00/turn              (no ring)
MPRegen  0.10/turn              (no ring)

@: rotting
A: rotting body, claws 1, carnivore, cold resistance 1, negative energy
resistance 3, inhibited regeneration, torment resistance, unbreathing
a: Curse Item, Renounce Religion


You were on level 7 of the Dungeon.
You worshipped Ashenzari.
Ashenzari was noncommittal.
You were not hungry.

You visited 1 branch of the dungeon, and saw 7 of its levels.
You also visited: Ossuary.

You collected 454 gold pieces.

Inventory:

Hand Weapons
 a - a +0 trident (weapon)
Missiles
 d - a throwing net (quivered)
Armour
 b - a +0 leather armour
 c - a cursed +0 helmet (worn)
 k - a cursed +0 buckler (worn)
 n - a cursed +2 plate armour of cold resistance (worn)
Wands
 B - a wand of flame (25)
Scrolls
 p - 3 scrolls of remove curse
 q - 2 scrolls of immolation
 r - 3 scrolls of amnesia
Potions
 j - 2 potions of curing
 l - 2 potions of brilliance
 m - 4 potions of magic
 o - a potion of resistance
 s - a potion of ambrosia
 t - 3 potions of haste
 x - a potion of flight
Comestibles
 f - 11 rations


   Skills:
 + Level 6.3 Fighting
 * Level 5.9 Polearms
 - Level 1.7 Throwing
 * Level 1.6 Armour
 - Level 5.5 Dodging


You had 7 spell levels left.
You didn't know any spells.
Your spell library was empty.

Dungeon Overview and Level Annotations

Branches:
Dungeon (7/15)             Temple (0/1) D:6         Ossuary (visited)

Altars:
Ashenzari

Annotations:
D:3 Sigmund


Innate Abilities, Weirdness & Mutations

Your body is rotting away.
You thrive on raw meat.
You are immune to poison.
You have sharp fingernails.
You are carnivorous and can eat meat at any time.
Your flesh is cold resistant. (rC+)
You are immune to negative energy. (rN+++)
You do not regenerate when monsters are visible.
You are immune to unholy pain and torment.
You can survive without breathing.


Message History

Aim: an orc warrior, wielding a +0 battleaxe and wearing a +0 plate armour You reach to attack!
You hit the orc warrior.
The orc warrior is moderately wounded.
The orc warrior barely misses you.
It was a potion of mutation.
You feel extremely strange.
Your body decomposes!
You feel weakened.
Your body decomposes!
You feel weakened.
Your body decomposes!
You feel weakened.
Your body decomposes!
You feel clumsy.
You hit the orc warrior but do no damage.
The orc warrior is moderately wounded.
The orc warrior hits you with a +0 battleaxe!
You barely miss the orc warrior.
The orc warrior is moderately wounded.
The orc warrior hits you with a +0 battleaxe!!
You die...

#
##########.#
......5o@..#
.......###.#
....... ..
....... ...
......5 #..
....... .
.......
###.###


You could see an orc warrior and a crimson imp.

Vanquished Creatures
  An ice beast (D:6)
  A centaur (D:2)
  An ogre (D:6)
  A scorpion (D:5)
  2 wights (D:7)
  2 howler monkeys
  A crimson imp (D:5)
  A hound (D:6)
  An orc priest (D:4)
  2 jellies (D:5)
  3 orc wizards (D:3)
  2 iguanas (D:5)
  5 worker ants
  A big kobold zombie (Ossuary)
  2 hound skeletons
  8 mummies (Ossuary)
  6 adders
  An ooze (D:1)
  An adder skeleton (D:6)
  3 worms
  5 dart slugs
  7 leopard geckos
  14 orcs
  A ball python (D:1)
  8 bats
  4 giant cockroaches
  A gnoll zombie (Ossuary)
  7 goblins
  4 hobgoblins
  3 jackals (D:6)
  5 quokkas
  6 frilled lizards
  2 hobgoblin zombies (Ossuary)
  4 kobolds
  2 kobold zombies (Ossuary)
  2 orc zombies (Ossuary)
  A quokka skeleton (D:6)
  7 rats
128 creatures vanquished.

Notes
Turn   | Place    | Note
-------+----------+-------------------------------------------
     0 | D:1      | mortelune the Ghoul Gladiator began the quest for the Orb.
     0 | D:1      | Reached XP level 1. HP: 17/17 MP: 0/0
   215 | D:1      | Reached XP level 2. HP: 23/25 MP: 1/1
   691 | D:1      | Reached XP level 3. HP: 30/30 MP: 2/2
  1100 | D:2      | Reached skill level 3 in Fighting
  1679 | D:2      | Noticed a centaur
  1691 | D:2      | Killed a centaur
  1691 | D:2      | Reached XP level 4. HP: 16/40 MP: 3/3
  1691 | D:2      | Reached XP level 5. HP: 18/46 MP: 4/4
  2209 | D:3      | Reached skill level 4 in Fighting
  2906 | D:3      | Noticed Sigmund
  3074 | D:3      | Reached XP level 6. HP: 47/52 MP: 5/5
  4162 | D:4      | Noticed an orc warrior
  4174 | D:5      | Entered Level 5 of the Dungeon
  4226 | D:5      | Found a sand-covered staircase.
  4241 | Ossuary  | Entered an ossuary
  4309 | Ossuary  | Reached XP level 7. HP: 42/60 MP: 6/6
  4673 | Ossuary  | Reached skill level 5 in Fighting
  5224 | D:5      | Found a shattered altar of Ashenzari.
  5429 | D:5      | Reached skill level 5 in Polearms
  5429 | D:5      | Reached skill level 5 in Dodging
  5761 | D:5      | Became a worshipper of Ashenzari the Shackled
  6802 | D:6      | Reached XP level 8. HP: 70/70 MP: 7/7
  6924 | D:6      | Reached skill level 6 in Fighting
  7270 | D:7      | Reached skill level 1 in Armour
  7813 | D:6      | Found a faded altar of an unknown god.
  7815 | D:6      | Found a staircase to the Ecumenical Temple.
  8027 | D:7      | Slain by an orc warrior

Illustrated notes

Levels and vault maps discovered:
D:1:      dpeg_arrival_central, layout_loops_ring
D:2:      layout_loops_ring, kennysheep_nub
D:3:      layout_basic, first_ration, uniq_sigmund
D:4:      layout_cave_pools
D:5:      layout_loops_ring, cheibrodos_ashenzari_chains,
          chequers_ossuary_entry_cave, chequers_serial_rivers_micro_d
D:6:      layout_cave_pools, nicolae_temple_entry_ecumenical
D:7:      layout_loops_corners

Skill      XL: |  1  2  3  4  5  6  7  8 |
---------------+-------------------------+-----
Polearms       | 3 4 5 |  5.9
Dodging        | 3 4 5 |  5.5
Fighting       | 3 4 5 6 |  6.3
Armour         | 1 |  1.6
Throwing       | |  1.7

Action                   |  1- 3 |  4- 6 |  7- 9 || total
-------------------------+-------+-------+-------++-------
Melee: Trident           |   113 |   313 |   320 ||   746
Throw: Throwing net      |       |     1 |     1 ||     2
Invok: Curse Item        |       |       |     3 ||     3
  Use: Potion            |       |     5 |    10 ||    15
       Scroll            |       |     4 |     8 ||    12
 Stab: Held in net/web   |       |       |     1 ||     1
  Eat: Chunk             |     8 |     7 |    13 ||    28
Armor: Leather armour    |    18 |       |       ||    18
       Plate armour      |    26 |   228 |   180 ||   434
Dodge: Dodged            |    41 |    85 |    77 ||   203
Block: Buckler           |    12 |    37 |    24 ||    73
